 Dungeon Crawl Stone Soup version 0.30-a0-23-ge60ba3568b (webtiles) character file.

Game seed: 13622669182385513842

12 Sabo the Digger (level 2, 0/20 HPs)
             Began as a Ghoul Earth Elementalist on Aug 25, 2022.
             Was a Follower of Kikubaaqudgha.
             Slain by a goblin
             ... wielding a +0 dagger
              (1 damage)
             ... on level 1 of the Dungeon.
             The game lasted 00:03:50 (474 turns).

Sabo the Digger (Ghoul Earth Elementalist)           Turns: 474, Time: 00:03:50

Health: 0/20       AC:  3    Str: 11    XL:     2   Next: 33%
Magic:  4/4        EV:  9    Int: 10    God:    Kikubaaqudgha [*.....]
Gold:   29         SH:  0    Dex:  9    Spells: 4/5 levels left

rFire   . . .      SeeInvis .    f - +0 spear
rCold   + . .      Faith    .    (no shield)
rNeg    + + +      Spirit   .    a - +0 robe
rPois   ∞          Reflect  .    (no helmet)
rElec   .          Harm     .    j - +0 cloak
rCorr   .          Rampage  .    (no gloves)
Will    .....                    (no boots)
Stlth   ++........               (no amulet)
HPRegen 0.00/turn                (no ring)
MPRegen 0.09/turn                (no ring)

@: inhibited regen, constricted
A: claws 1, cold resistance 1, negative energy resistance 3, inhibited
regeneration, torment resistance 2, devour on kill
a: Renounce Religion, Unearth Wretches


You were on level 1 of the Dungeon.
You worshipped Kikubaaqudgha.
Kikubaaqudgha was aware of your devotion.
You visited 1 branch of the dungeon, and saw 1 of its levels.

You collected 29 gold pieces.

Inventory:

Hand Weapons
 f - a +0 spear (weapon)
Armour
 a - a +0 robe (worn)
 j - a +0 cloak (worn)
Scrolls
 d - a scroll of enchant weapon {unknown}
 e - a scroll of blinking {unknown}
 g - 4 scrolls of silence {unknown}
 h - a scroll of poison {unknown}
Potions
 b - a potion of magic
 c - a potion of lignification {unknown}
 i - a potion of haste {unknown}
 k - a potion of heal wounds {unknown}


   Skills:
 + Level 2.0 Dodging
 + Level 2.1 Stealth
 + Level 2.2 Spellcasting
 + Level 0.8 Transmutations
 + Level 3.4 Earth Magic


You had 4 spell levels left.
You knew the following spells:

 Your Spells              Type           Power      Damage    Failure   Level
a - Sandblast             Erth           16%        2d6       8%          1

Your spell library contained the following spells:

 Spells                   Type           Power      Damage    Failure   Level
 Passwall                 Tmut/Erth      4%         N/A       19%         2
 Necrotise                Necr           4%         1d4       30%         1
 Stone Arrow              Conj/Erth      8%         3d7       41%         3
 Vampiric Draining        Necr           1%         2d6       67%         3
 Petrify                  Tmut/Erth      5%         N/A       77%         4
 Anguish                  Hex/Necr       0%         N/A       97%         4
 Animate Dead             Necr           1%         N/A       97%         4


Dungeon Overview and Level Annotations

Branches:
Dungeon (1/15)

Altars:
Kikubaaqudgha


Innate Abilities, Weirdness & Mutations

You are immune to poison.
You have sharp fingernails.
Your flesh is cold resistant. (rC+)
You are immune to negative energy. (rN+++)
You do not regenerate when monsters are visible.
You are immune to unholy pain and torment.
You thrive by killing the living.


Message History

The ball python bites you but does no damage.
The ball python constricts you.
You closely miss the ball python.
The ball python is moderately wounded.
The ball python bites you. The ball python constricts you.
The goblin hits you but does no damage.
You hit the ball python.
The ball python is heavily wounded.
The ball python bites you. The ball python constricts you.
The goblin barely misses you.
You barely miss the ball python.
The ball python is heavily wounded.
The ball python bites you. The ball python constricts you.
The goblin hits you but does no damage.
The ball python bites you but does no damage.
The ball python constricts you.
You barely miss the ball python.
The ball python is heavily wounded.
The ball python bites you. The ball python constricts you.
The goblin closely misses you.
You closely miss the ball python.
The ball python is heavily wounded.
The ball python bites you.
* * * LOW HITPOINT WARNING * * *
The ball python constricts you.
* * * LOW HITPOINT WARNING * * *
The goblin hits you but does no damage.
You barely miss the ball python.
The ball python is heavily wounded.
The ball python bites you.
* * * LOW HITPOINT WARNING * * *
The ball python constricts you. The goblin closely misses you.
The ball python bites you but does no damage.
The ball python constricts you.
* * * LOW HITPOINT WARNING * * *
You barely miss the ball python.
The ball python is heavily wounded.
The goblin hits you with a +0 dagger.
You die...
Kikubaaqudgha rasps: "You have failed me!
Welcome... oblivion!"

.......# .).....#
### .......# ... ..
....# ## #.##. ....
##. #..###.. ##..#
##..#.# .
#....###...S@#
....#.#...#...#g.#
..... #.....#####
....# ##._†##
....####.....######
....#.#..)#...#...#
#.##.....###..†...#
.....#..# ##..#..#
....###..###..###.#


You could see a goblin and a ball python.

Vanquished Creatures
  A dart slug (D:1)
  2 endoplasms (D:1)
  A kobold (D:1)
  A quokka (D:1)
  3 ball pythons (D:1)
  A bat (D:1)
  A rat (D:1)
10 creatures vanquished.

Notes
Turn   | Place    | Note
-------+----------+-------------------------------------------
     0 | D:1      | Sabo the Ghoul Earth Elementalist began the quest for the
                  | Orb.
     0 | D:1      | Reached XP level 1. HP: 14/14 MP: 2/2
   186 | D:1      | Reached XP level 2. HP: 18/20 MP: 0/4
   248 | D:1      | Found a faded altar of an unknown god.
   325 | D:1      | Prayed at the altar of an unknown god.
   325 | D:1      | Became a worshipper of Kikubaaqudgha
   325 | D:1      | Reached * piety under Kikubaaqudgha
   325 | D:1      | Received a gift from Kikubaaqudgha
   473 | D:1      | HP: 1/20 [constriction (1)]
   474 | D:1      | Slain by a goblin

Illustrated notes

Levels and vault maps discovered:
D:1:      dpeg_arrival_another_circle, layout_rooms,
          nicolae_ecumenical_snake_handling

Skill      XL: |  1 |
---------------+----+-----
Spellcasting   | 2 |  2.2
Dodging        | 2 |  2.0
Stealth        | |  2.1
Transmutations | |  0.8
Earth Magic    | |  3.4

Action                   || total
-------------------------++-------
Melee: Unarmed           ||     9
       Spear             ||    22
 Cast: Sandblast         ||     8
Armor: Robe              ||    11
Dodge: Dodged            ||    21

Table legend: (Time is in decaauts)
 A = Elapsed time spent in this place.
 B = Non-inter-level travel time spent in this place.
 C = Inter-level travel time spent in this place.
 D = Time resting spent in this place.
 E = Time spent auto-exploring this place.
 F = Levels seen in this place.
 G = Mean time per level.
                   A        B        C        D        E       F      G
               +--------+--------+--------+--------+--------+-----+--------+
         Total |    479 |    479 |      0 |    214 |      0 |   1 |  479.0 |
       Dungeon |    479 |    479 |      0 |    214 |      0 |   1 |  479.0 |
               +--------+--------+--------+--------+--------+-----+--------+

Top non-repeatable levels by time:
     D:1: 479 daAuts
